 Dungeon Crawl Stone Soup version 0.30-a0-1082-g70414cbcbb (webtiles) character file.

Game seed: 14127989783152101105

2904 Majang the Cleaver (level 9, -8/115 HPs)
             Began as a Minotaur Gladiator on Apr 15, 2023.
             Was a Believer of Makhleb.
             Shot with a sling bullet by Joseph (11 damage)
             ... on level 7 of the Dungeon.
             The game lasted 00:22:34 (5566 turns).

Majang the Cleaver (Minotaur Gladiator)             Turns: 5566, Time: 00:22:34

Health: -8/115     AC: 14    Str: 23    XL:     9   Next: 49%
Magic:  10/10      EV:  8    Int:  5    God:    Makhleb [**....]
Gold:   318        SH:  0    Dex: 12    Spells: 8/8 levels left

rFire   . . .      SeeInvis .    a - +0 war axe
rCold   . . .      Faith    .    (no shield)
rNeg    . . .      Spirit   .    h - +0 plate armour
rPois   .          Reflect  .    c - +0 hat
rElec   .          Rampage  .    z - +1 cloak
rCorr   .                        (no gloves)
Will    .....                    (no boots) Stlth
                                 (no amulet)
HPRegen 0.39/turn                (no ring)
MPRegen 0.12/turn                (no ring)

@: berserking, lethally poisoned (-8 -> -13), very quick
A: horns 2, retaliatory headbutt
a: Renounce Religion, Minor Destruction


You were on level 7 of the Dungeon.
You worshipped Makhleb.
Makhleb was pleased with you.
You visited 2 branches of the dungeon, and saw 8 of its levels.
You also visited: Sewer.

You collected 383 gold pieces.
You spent 65 gold pieces at shops.

Inventory:

Hand Weapons
 a - a +0 war axe (weapon)
 s - a +0 flail of flaming
Missiles
 d - 2 throwing nets (quivered)
 e - a javelin
Armour
 c - a +0 hat (worn)
 h - a +0 plate armour (worn)
 z - a +1 cloak (worn)
Wands
 b - a wand of iceblast (6)
 f - a wand of digging (1)
 g - a wand of acid (6)
 x - a wand of charming (9)
 C - a wand of polymorph (7)
Scrolls
 m - 3 scrolls of teleportation
 p - 2 scrolls of immolation
Potions
 k - 4 potions of lignification
 l - a potion of ambrosia {unknown}
 n - 3 potions of attraction
 o - 3 potions of berserk rage
 u - 2 potions of haste {unknown}
 v - 2 potions of mutation {unknown}
 w - a potion of invisibility {unknown}
 A - 3 potions of curing
 B - a potion of heal wounds


   Skills:
 + Level 6.3 Fighting
 * Level 9.3 Axes
 * Level 6.6 Throwing
 + Level 5.1 Armour
 + Level 5.8 Dodging
 + Level 3.9 Invocations


You had 8 spell levels left.
You didn't know any spells.
Your spell library contained the following spells:

 Spells                   Type           Power      Damage    Failure   Level
 Call Imp                 Summ           0%         N/A       100%        2
 Static Discharge         Conj/Air       0%         2-2/arc   100%        2
 Ozocubu's Armour         Ice            0%         N/A       100%        3
 Volatile Blastmotes      Fire/Tloc      0%         2d10      100%        3
 Airstrike                Air            0%         2d(0-16)  100%        4
 Fulminant Prism          Conj/Hex       0%         3d5       100%        4
 Iskenderun's Mystic Bla  Conj/Tloc      0%         2d3       100%        4
 Summon Lightning Spire   Summ/Air       0%         N/A       100%        4
 Lee's Rapid Deconstruct  Erth           0%         3d4*      100%        5
 Ozocubu's Refrigeration  Ice            0%         4d7       100%        7


Dungeon Overview and Level Annotations

Branches:
Dungeon (7/15)             Temple (1/1) D:5           Sewer (visited)

Altars:
Dithmenos
Makhleb
Sif Muna
Trog
Uskayaw
Wu Jian
The Shining One

Shops:
D:4 (   D:7 !=[

Annotations:
D:7 Joseph, Menkaure


Innate Abilities, Weirdness & Mutations

You have a pair of horns on your head.
You reflexively headbutt those who attack you in melee.


Message History

Makhleb accepts your kill.
You slash the orc!
You kill the orc!
Makhleb accepts your kill.
* * * LOW HITPOINT WARNING * * *
You feel sick.
You slash the orc!
You kill the orc!
Makhleb accepts your kill.
You feel better.
You closely miss the killer bee. You miss the killer bee.
* * * LOW HITPOINT WARNING * * *
You feel sick. The killer bee barely misses you. You furiously retaliate!
You headbutt the killer bee!
You kill the killer bee!
Makhleb accepts your kill.
The killer bee stings you but does no damage.
The killer bee barely misses you. You furiously retaliate!
You headbutt the killer bee!!
You kill the killer bee!
Makhleb accepts your kill.
You feel better.
* * * LOW HITPOINT WARNING * * *
You feel sick.
Joseph shoots a sling bullet.
The sling bullet closely misses you.
The sling bullet closely misses Menkaure.
You see here a +0 club.
You barely miss the orc.
* * * LOW HITPOINT WARNING * * *
You feel sick.
Unknown command.
You barely miss the orc. Your headbutt misses the orc.
* * * LOW HITPOINT WARNING * * *
You feel sick. The orc closely misses you. You furiously retaliate!
You headbutt the orc!
You kill the orc!
Makhleb accepts your kill. Menkaure casts a spell at you.
You struggle to resist.
Joseph shoots a sling bullet.
The sling bullet hits you!
You die...

#.............#
#...............
#.............#
*#..............
##............#
#.>............
#.....##.....##
*#.............
###..####.....#
#............. #### #.....##
#............. ###...@..#
##............ ##.......)##
##...........
##........@)####...........
##.........).#.......#######
##..........†)M....####
#...............####
#..(...>.......##
##............###
#...........###
##....#####.# ###### ##.#


You could see Joseph and Menkaure.

Vanquished Creatures
  Grinder (D:3)
  Sigmund (D:3)
  A steam dragon (D:5)
  3 water moccasins
  An ice beast (D:7)
  An orc warrior (D:5)
  A black bear (D:4)
  An ogre (D:4)
  2 centaurs
  4 phantoms
  3 bullfrogs (D:6)
  A scorpion (D:5)
  5 killer bees (D:7)
  5 orc priests
  Crazy Yiuf (D:2)
  3 jellies
  A gnoll bouda (D:5)
  4 hounds
  A sleepcap (D:4)
  3 iguanas
  4 orc wizards
  3 gnolls (D:5)
  11 adders
  4 shadow imps
  2 white imps
  An ufetubus (D:5)
  A worm (D:2)
  A dart slug (D:2)
  20 orcs
  6 endoplasms
  3 giant cockroaches
  3 jackals (D:1)
  3 quokkas
  5 ball pythons
  10 bats
  A frilled lizard (D:2)
  A goblin (D:1)
  7 kobolds
  3 rats
132 creatures vanquished.

Vanquished Creatures (others)
  3 demonic plants (D:5)
3 creatures vanquished.

Grand Total: 135 creatures vanquished

Notes
Turn   | Place    | Note
-------+----------+-------------------------------------------
     0 | D:1      | Majang the Minotaur Gladiator began the quest for the Orb.
     0 | D:1      | Reached XP level 1. HP: 18/18 MP: 0/0
   180 | D:1      | Reached skill level 4 in Axes
   184 | D:1      | Reached XP level 2. HP: 22/25 MP: 1/1
   581 | D:2      | Found a runed translucent door.
   582 | D:2      | Noticed Crazy Yiuf
   629 | D:2      | Reached XP level 3. HP: 31/31 MP: 2/2
   737 | D:2      | Reached skill level 5 in Axes
  1278 | D:3      | Reached XP level 4. HP: 14/38 MP: 3/3
  1564 | D:3      | You fall into a shaft and drop 3 floors!
  1573 | D:6      | Reached skill level 1 in Armour
  1618 | D:6      | Noticed a bullfrog
  1628 | D:6      | Killed a bullfrog
  1629 | D:6      | Reached XP level 5. HP: 23/46 MP: 4/4
  1749 | D:6      | Found a burning altar of Makhleb.
  1757 | D:6      | Became a worshipper of Makhleb the Destroyer
  1783 | D:6      | Reached XP level 6. HP: 52/52 MP: 5/5
  1787 | D:5      | Entered Level 5 of the Dungeon
  1824 | D:5      | Reached skill level 6 in Axes
  1917 | D:5      | Found a glowing golden altar of the Shining One.
  2008 | D:4      | Reached skill level 1 in Invocations
  2090 | D:4      | Reached XP level 7. HP: 56/60 MP: 5/7
  2193 | D:4      | Found a glowing drain.
  2224 | Sewer    | Entered a sewer
  2226 | Sewer    | Reached * piety under Makhleb
  2539 | D:3      | Reached skill level 7 in Axes
  2655 | D:3      | Noticed Sigmund
  2658 | D:3      | Noticed Grinder
  2661 | D:3      | Killed Sigmund
  2668 | D:3      | Killed Grinder
  2669 | D:3      | Reached skill level 5 in Fighting
  2669 | D:3      | Reached XP level 8. HP: 37/68 MP: 8/8
  3033 | D:4      | Found a hide-covered altar of Uskayaw.
  3173 | D:4      | Reached skill level 5 in Throwing
  3402 | D:4      | Found Paguarch's Weapon Shop.
  3569 | D:2      | Killed Crazy Yiuf
  3734 | D:4      | Reached skill level 5 in Dodging
  3845 | D:4      | Reached skill level 8 in Axes
  3939 | D:5      | Found a bloodstained altar of Trog.
  3957 | D:5      | Found a shimmering blue altar of Sif Muna.
  3975 | D:5      | Got Sif Muna's Disquisition on Accompaniment
  4045 | D:5      | Reached ** piety under Makhleb
  4209 | D:5      | Found a staircase to the Ecumenical Temple.
  4216 | Temple   | Entered the Ecumenical Temple
  4334 | D:5      | Reached XP level 9. HP: 75/75 MP: 10/10
  4675 | D:6      | Found a shadowy altar of Dithmenos.
  4823 | D:6      | Found an ornate altar of the Wu Jian Council.
  5106 | D:6      | Reached skill level 9 in Axes
  5425 | D:7      | Found Ihataq's Distillery.
  5425 | D:7      | Found Ety Korr's Jewellery Shop.
  5425 | D:7      | Found Figir's Antique Armour Shop.
  5427 | D:7      | Bought a potion of heal wounds for 65 gold pieces
  5430 | D:7      | Noticed Menkaure
  5554 | D:7      | Reached skill level 5 in Armour
  5556 | D:7      | Noticed Joseph
  5560 | D:7      | HP: 5/112 [Joseph/sling bullet (11)]
  5561 | D:7      | HP: 2/112 [poisoned by a killer bee]
  5566 | D:7      | HP: 3/115 [poisoned by a killer bee]
  5566 | D:7      | Shot with a sling bullet by Joseph

Illustrated notes

Levels and vault maps discovered:
D:1:      dpeg_arrival_houses_and_road, layout_rooms,
          chequers_serial_rivers_room_a, minivault_25, hex_tiny
D:2:      layout_rooms, grunt_decor_arrowhead, minmay_misc_feat_roman,
          uniq_crazy_yiuf_cottage
D:3:      layout_basic, uniq_grinder, uniq_sigmund
D:4:      cheibrodos_pilgrimage, layout_gridville, mainiacjoe_overflow_alcove_1,
          portal_sewer_entry_d, serial_shops, nicolae_shop_back_alley_shop
D:5:      layout_gridville, nzn_overflow_gifts_of_might_and_magic,
          tso_metal_star, minmay_temple_entry_tees, serial_demonic,
          serial_demonic_f, serial_demonic_e, serial_demonic_g,
          serial_demonic_e, serial_demonic_f
D:6:      layout_basic, pdpol_wu_jian_five_deadly_venoms,
          mainiacjoe_overflow_small_starburst, mainiacjoe_overflow_chevrons
D:7:      layout_cave_pods, nicolae_shop_distant_corner_stores, uniq_menkaure,
          uniq_joseph
Temple:   hellmonk_temple_flake

Skill      XL: |  1  2  3  4  5  6  7  8  9 |
---------------+----------------------------+-----
Axes           | 4 5 6 7 8 9 |  9.3
Fighting       | 3 4 5 6 |  6.3
Armour         | 1 2 3 4 5 |  5.1
Throwing       | 3 4 5 6 |  6.6
Dodging        | 4 5 |  5.8
Invocations    | 1 2 3 |  3.9

Action                     |  1- 3 |  4- 6 |  7- 9 || total
---------------------------+-------+-------+-------++-------
  Melee: War axe           |    60 |    58 |   197 ||   315
         Headbutt          |    10 |    10 |    34 ||    54
         Punch             |       |     1 |     2 ||     3
  Throw: Throwing net      |       |     2 |       ||     2
         Javelin           |       |     1 |       ||     1
  Evoke: Wand              |       |     1 |       ||     1
    Use: Potion            |     4 |       |     4 ||     8
         Scroll            |       |       |     9 ||     9
   Stab: Held in net/web   |       |     1 |       ||     1
 Armour: Ring mail         |    21 |       |       ||    21
         Chain mail        |       |    22 |    35 ||    57
         Plate armour      |       |       |   108 ||   108
  Dodge: Dodged            |    39 |    19 |    92 ||   150

Table legend: (Time is in decaauts)
 A = Elapsed time spent in this place.
 B = Non-inter-level travel time spent in this place.
 C = Inter-level travel time spent in this place.
 D = Time resting spent in this place.
 E = Time spent auto-exploring this place.
 F = Levels seen in this place.
 G = Mean time per level.
                   A        B        C        D        E       F      G
               +--------+--------+--------+--------+--------+-----+--------+
         Total |   5626 |   5343 |    283 |    968 |   2871 |   9 |  625.1 |
       Dungeon |   5445 |   5162 |    283 |    858 |   2871 |   7 |  777.9 |
        Temple |      1 |      1 |      0 |      0 |      0 |   1 |    1.0 |
         Sewer |    178 |    178 |      0 |    110 |      0 |   1 |  178.0 |
               +--------+--------+--------+--------+--------+-----+--------+

Top non-repeatable levels by time:
     D:4: 1217 daAuts
     D:6: 1069 daAuts
     D:5: 906 daAuts
     D:3: 821 daAuts
     D:2: 774 daAuts
     D:1: 520 daAuts
   Sewer: 178 daAuts
     D:7: 135 daAuts
  Temple: 1 daAuts
